 Dungeon Crawl Stone Soup version 0.28.0 (webtiles) character file.

Game seed: 3452132253963133706

5213 HallandMoats the Fighter (level 10, -5/90 HPs)
             Began as a Ghoul Fighter on Feb 8, 2022.
             Was the Champion of Jiyva.
             Slain by a sixfirhy (12 damage)
             ... summoned by a kobold demonologist
             ... in a bailey.
             The game lasted 00:15:35 (7049 turns).

HallandMoats the Fighter (Ghoul Fighter)            Turns: 7049, Time: 00:15:36

Health: -5/90      AC:  7    Str: 21    XL:     10   Next: 61%
Magic:  14/14      EV: 14    Int:  5    God:    Jiyva [******]
Gold:   366        SH:  5    Dex: 10    Spells: 9/9 levels left

rFire   + + .      SeeInvis +   a - +2 club (spect)
rCold   + . .      Faith    +   c - +0 buckler
rNeg    + + +      Spirit   .   i - +0 scale mail
rPois   ∞          Reflect  .   (no helmet)
rElec   .          Harm     .   (no cloak)
rCorr   +          Rampage  +   (no gloves)
Will    .....                   (no boots)
Stlth   ..........              f - amulet of the Ancients {Faith Rampage rF++ Regen+ rCorr}
HPRegen 1.60/turn               m - +4 ring of evasion
MPRegen 0.64/turn               o - ring of see invisible

@: inhibited regen
A: claws 1, cold resistance 1, negative energy resistance 3, inhibited
regeneration, torment resistance 2
a: Renounce Religion, Oozemancy, Slimify


You were in a bailey.
You worshipped Jiyva.
Jiyva was exalted by your worship.
You visited 1 branch of the dungeon, and saw 10 of its levels.
You also visited: Bailey.

You collected 366 gold pieces.

Inventory:

Hand Weapons
 a - a +2 spectral club (weapon)
 b - a +5 spear of freezing
Missiles
 d - a throwing net (quivered)
Armour
 c - a +0 buckler (worn)
 i - a +0 scale mail (worn)
Jewellery
 f - the amulet of the Ancients (around neck) {Faith Rampage rF++ Regen+ rCorr}
   (You acquired it on level 7 of the Dungeon)

   [amulet of faith]

   It allows you to gain divine favour quickly.
   rF:        It greatly protects you from fire.
   Regen:     It increases your rate of health regeneration.
   rCorr:     It protects you from acid and corrosion.
   Rampage:   It bestows one free step when moving towards enemies.
 m - a +4 ring of evasion (left claw)
 o - a ring of see invisible (right claw)
 q - a ring of ice
Wands
 l - a wand of polymorph (2)
Scrolls
 e - a scroll of amnesia
 g - a scroll of holy word
 j - a scroll of identify
 t - 2 scrolls of silence
Potions
 h - 2 potions of curing
 k - a potion of attraction {unknown}
 n - 2 potions of cancellation
 r - a potion of mutation {unknown}
 s - 2 potions of flight {unknown}
 v - 3 potions of haste {unknown}
 w - 4 potions of heal wounds {unknown}


   Skills:
 * Level 8.6 Fighting
 * Level 6.8 Polearms
 + Level 5.5 Armour
 + Level 4.5 Dodging
 + Level 5.3 Shields
 * Level 7.8 Invocations


You had 9 spell levels left.
You didn't know any spells.
Your spell library contained the following spells:

 Spells                   Type           Power      Damage    Failure   Level
 Magic Dart               Conj           0%         1d3       87%         1
 Call Imp                 Summ           0%         N/A       95%         2
 Ignite Poison            Fire/Tmut/Pois 0%         N/A       99%         3
 Mephitic Cloud           Conj/Pois/Air  0%         N/A       99%         3
 Freezing Cloud           Conj/Ice/Air   0%         6-21      100%        5
 Eringya's Noxious Bog    Tmut/Pois      0%         N/A       100%        6
 Polar Vortex             Ice            0%         N/A       100%        9


Dungeon Overview and Level Annotations

Branches:
Dungeon (10/15)            Temple (0/1) D:7            Lair (0/6) D:9
    Orc (0/2) D:9          Bailey (1/1)

Altars:
Dithmenos
Elyvilon
Fedhas
Hepliaklqana
Makhleb
Nemelex Xobeh
Okawaru
Ru
Sif Muna
Trog
Wu Jian
The Shining One
Beogh
Jiyva

Shops:
D:9 *


Innate Abilities, Weirdness & Mutations

You thrive by killing the living.
You are immune to poison.
You have sharp fingernails.
Your flesh is cold resistant. (rC+)
You are immune to negative energy. (rN+++)
You do not regenerate when monsters are visible.
You are immune to unholy pain and torment.


Message History

The kobold demonologist gestures wildly while chanting.
You closely miss the iron imp.
The iron imp is moderately wounded.
Your +2 spectral club hits the iron imp but does no damage.
Your +2 spectral club is engulfed in blazing flames. x3
The iron imp hits you.
Your +2 spectral club is engulfed in blazing flames.
You barely miss the iron imp.
The iron imp is moderately wounded.
Your +2 spectral club hits the iron imp.
Your +2 spectral club is engulfed in blazing flames. x3
The iron imp misses your +2 spectral club.
Your +2 spectral club is engulfed in blazing flames.
The iron imp hits your +2 spectral club but does no damage.
You hit the iron imp.
The iron imp is severely wounded.
Your +2 spectral club barely misses the iron imp.
The sixfirhy hits you! The sixfirhy shocks you!
Your +2 spectral club is engulfed in blazing flames.
The sixfirhy hits you. The sixfirhy shocks you!
Your +2 spectral club is engulfed in blazing flames.
The sixfirhy completely misses you. You block the sixfirhy's attack.
Your +2 spectral club is engulfed in blazing flames.
The kobold demonologist barely misses your +2 spectral club.
Okay, then.
It was a potion of curing.
You feel better. The sixfirhy hits you. The sixfirhy shocks you!
You block the sixfirhy's attack.
The kobold demonologist hits you with a +0 war axe.
The sixfirhy hits you.
* * * LOW HITPOINT WARNING * * *
The sixfirhy shocks you!
* * * LOW HITPOINT WARNING * * *
There is an open gate, spattered with blood here.
Things that are here:
a +0 hand axe; a +0 leather armour; a hobgoblin skeleton The sixfirhy closely misses you.
The sixfirhy hits you!
* * * LOW HITPOINT WARNING * * *
The sixfirhy shocks you!
You die...

#≈≈≈≈≈# ....... #≈≈≈≈≈#
############# #≈≈≈≈≈#
#.....K.#.... #≈≈≈≈≈#
#.8.8)8.'K...
#≈≈≈≈≈######...#########
#≈≈≈≈≈≈.#......# #
######.≈≈≈≈≈.#......#
#.)....≈≈≈≈≈.#))#####
###.)....≈≈≈≈≈@#)5...#
#......).......3K....#
#∩..∩..........)..)..#
..
#..............'..)..#
.8
###......≈≈≈≈≈.#.....#
## #......≈≈≈≈≈.#++####
######.≈≈≈≈≈.# #≈≈≈≈≈≈.#
#≈≈≈≈≈###


You could see a kobold demonologist (inner flame) and a sixfirhy (summoned).

Vanquished Creatures
  Harold (D:7)
  A komodo dragon (D:10)
  A kobold demonologist (Bailey)
  A hornet (D:9)
  Prince Ribbit (D:6)
  A wraith (D:9)
  A shadow (D:10)
  A water moccasin (D:9)
  11 orc warriors
  A sky beast (D:6)
  2 centaurs
  A phantom (D:5)
  2 kobold brigands
  3 bullfrogs (D:7)
  A wyvern zombie (D:9)
  A scorpion (D:4)
  A wyvern skeleton (D:6)
  3 killer bees (D:8)
  3 wights (D:7)
  2 howler monkeys
  2 electric eels
  3 centaur zombies
  3 hounds
  3 iron imps (D:5)
  3 orc priests
  A bullfrog skeleton (D:6)
  Jessica (D:2)
  4 orc wizards
  A killer bee zombie (D:7)
  A howler monkey zombie (D:6)
  5 gnolls
  6 adders
  A shadow imp (D:5)
  An adder skeleton (D:4)
  An adder zombie (D:5)
  9 dart slugs
  42 orcs
  4 endoplasms (D:1)
  5 giant cockroaches
  7 goblins
  7 hobgoblins
  A quokka (D:3)
  A ball python (D:4)
  A bat (D:1)
  A frilled lizard (D:1)
  7 kobolds
  A quokka skeleton (D:4)
  4 rats
165 creatures vanquished.

Vanquished Creatures (collateral kills)
  A shadow (D:7)
  4 wights (D:7)
5 creatures vanquished.

Vanquished Creatures (others)
  An orc warrior (D:8)
  A killer bee (D:8)
  3 wights (D:7)
  A centaur zombie (D:7)
  12 jellies
  A centaur skeleton (D:7)
  Terence (D:2)
  An orc wizard (D:7)
  A howler monkey zombie (D:6)
  A gnoll (D:6)
  3 adders
  An ufetubus (D:6)
  4 orcs
  4 jackals (D:3)
  4 kobolds
  2 fungi (D:9)
  15 plants
56 creatures vanquished.

Grand Total: 226 creatures vanquished

Notes
Turn   | Place    | Note
-------+----------+-------------------------------------------
     0 | D:1      | HallandMoats the Ghoul Fighter began the quest for the Orb.
     0 | D:1      | Reached XP level 1. HP: 19/19 MP: 0/0
   170 | D:1      | Reached XP level 2. HP: 24/26 MP: 1/1
   448 | D:1      | Reached skill level 1 in Invocations
   601 | D:1      | Reached XP level 3. HP: 12/31 MP: 2/2
   934 | D:2      | Noticed Jessica
   940 | D:2      | Killed Jessica
   941 | D:2      | Reached XP level 4. HP: 40/40 MP: 2/4
   960 | D:2      | Found a faded altar of an unknown god.
   966 | D:2      | Prayed at the altar of an unknown god.
   966 | D:2      | Became a worshipper of Jiyva Jojenaab the Shapeless
   966 | D:2      | Reached * piety under Jiyva
  1091 | D:2      | Reached ** piety under Jiyva
  1259 | D:2      | Killed Terence
  1592 | D:3      | Found an ornate altar of the Wu Jian Council.
  2022 | D:4      | Reached skill level 4 in Fighting
  2022 | D:4      | Reached skill level 1 in Dodging
  2026 | D:4      | Reached *** piety under Jiyva
  2083 | D:4      | Reached XP level 5. HP: 46/46 MP: 5/5
  2218 | D:4      | Found a sacrificial altar of Ru.
  2218 | D:4      | Found a hazy altar of Hepliaklqana.
  2378 | D:4      | Found a shadowy altar of Dithmenos.
  2382 | D:4      | Found a blossoming altar of Fedhas.
  2385 | D:4      | Found a shimmering blue altar of Sif Muna.
  2385 | D:4      | Found an iron altar of Okawaru.
  2590 | D:5      | Entered Level 5 of the Dungeon
  2644 | D:5      | Reached XP level 6. HP: 46/53 MP: 5/7
  2789 | D:5      | Got the Grimoire of Frigorific Contamination
  2851 | D:5      | Reached **** piety under Jiyva
  2952 | D:5      | Found a burning altar of Makhleb.
  2970 | D:5      | Reached XP level 7. HP: 49/60 MP: 8/8
  2978 | D:5      | Reached skill level 5 in Fighting
  3483 | D:6      | Noticed Prince Ribbit
  3493 | D:6      | Killed Prince Ribbit
  3494 | D:6      | Reached XP level 8. HP: 42/69 MP: 8/10
  4131 | D:7      | Noticed Harold
  4171 | D:7      | Noticed a shadow
  4192 | D:7      | Identified a scroll of acquirement
  4192 | D:7      | Acquired the amulet of the Ancients {Faith Rampage rF++
                  | Regen+ rCorr}
  4258 | D:7      | Reached ***** piety under Jiyva
  4273 | D:7      | Killed Harold
  4274 | D:7      | Reached skill level 6 in Fighting
  4274 | D:7      | Reached skill level 5 in Polearms
  4274 | D:7      | Reached skill level 5 in Invocations
  4274 | D:7      | Reached XP level 9. HP: 14/78 MP: 10/12
  4489 | D:7      | Reached skill level 7 in Fighting
  4822 | D:7      | Found a staircase to the Ecumenical Temple.
  5454 | D:8      | Found a sparkling altar of Nemelex Xobeh.
  5639 | D:9      | Found Perre's Fire Supplies.
  5677 | D:9      | Reached ****** piety under Jiyva
  5689 | D:9      | Found a staircase to the Lair.
  5717 | D:9      | Noticed a hornet
  5730 | D:9      | Killed a hornet
  5731 | D:9      | Reached skill level 5 in Armour
  5846 | D:9      | Reached XP level 10. HP: 88/88 MP: 14/14
  5916 | D:9      | Found a bloodstained altar of Trog.
  5946 | D:9      | Reached skill level 8 in Fighting
  5946 | D:9      | Reached skill level 5 in Shields
  6138 | D:9      | Found a staircase to the Orcish Mines.
  6476 | D:10     | Entered Level 10 of the Dungeon
  6523 | D:10     | Found a flagged portal.
  6545 | Bailey   | Entered a bailey
  6905 | Bailey   | Noticed a kobold demonologist
  6925 | Bailey   | Killed a kobold demonologist
  6997 | Bailey   | Noticed a kobold demonologist
  7043 | Bailey   | Noticed a sixfirhy
  7049 | Bailey   | Slain by a sixfirhy

Illustrated notes

Levels and vault maps discovered:
D:1:      evilmike_arrival_hilbert_curve, layout_rooms, nicolae_grassy_gnolls
D:2:      layout_basic, dreamdust_ecumenical_altar_angels_and_demons,
          serial_bayou_ford_a, hex_large, chequers_serial_rivers_small_3,
          uniq_jessica, uniq_terence
D:3:      layout_loops_ring, lemuel_crystal_altar
D:4:      layout_loops_cross, gammafunk_temple_overflow_forgotten,
          grunt_temple_overflow_open
D:5:      layout_rooms, demons_altar, st_stairs_10
D:6:      layout_loops_ring, uniq_prince_ribbit1
D:7:      kennysheep_slugbush, layout_loops_ring, minmay_temple_entry_slanted,
          minmay_joined_circles, uniq_harold
D:8:      layout_cave_pools, gammafunk_temple_overflow_pools
D:9:      layout_small_grid, amcnicky_altar_gilded, dpeg_oklobed_lair,
          orc_0_dummy, special_room [special_room_orc], nicolae_shop_fire_sale
          [nicolae_sub_dead_trees], minmay_misc_feat_enclosed
D:10:     hellmonk_paralyzer, layout_rooms, enter_bailey_6,
          ebering_ghost_rock_garden
Bailey:   bailey_axe_of_yendor_kennysheep, bailey

Skill      XL: |  1  2  3  4  5  6  7  8  9 10 |
---------------+-------------------------------+-----
Polearms       | 2 3 4 5 6 |  6.8
Invocations    | 1 2 3 4 5 6 7 |  7.8
Armour         | 3 4 5 |  5.5
Fighting       | 4 5 6 7 8 |  8.6
Dodging        | 1 2 3 4 |  4.5
Shields        | 3 4 5 |  5.3

Action                   |  1- 3 |  4- 6 |  7- 9 | 10-12 || total
-------------------------+-------+-------+-------+-------++-------
Melee: Trident           |    68 |       |       |       ||    68
       Club              |       |   123 |   272 |    28 ||   423
       Spear             |       |       |     6 |   165 ||   171
Evoke: Wand              |       |       |       |     1 ||     1
  Use: Scroll            |       |       |    10 |     2 ||    12
       Potion            |       |       |     1 |     2 ||     3
Armor: Scale mail        |    15 |    58 |   108 |    23 ||   204
Dodge: Dodged            |    18 |    60 |   194 |    83 ||   355
Block: Buckler           |     7 |    16 |    63 |    46 ||   132
